Map: Submarine LE

Players

Krystianer - Winner!

  • Race: Protoss Protoss
  • League: Grandmaster
  • Spawn Location: 11:00

Rail

  • Race: Protoss Protoss
  • Spawn Location: 5:00

Event: DreamHack SC2 Masters 2020 Winter

VOD

Have the link to the VOD?

Description

Time

  • Played on: Oct. 16, 2020, 1:42 p.m.
  • Length: 15:47

All games in this series

Show
View Real Time Build Order
Export as new Build Order

Krystianer Protoss - Winner!

Build Orders:  

Get SALT Encoding   

  12  0:00  Probe  
  13  0:12  Probe  
  14  0:17  Pylon  
  14  0:24  Probe (Chrono Boost)  
  16  0:36  Probe (Chrono Boost)  
  16  0:37  Gateway  
  16  0:42  Probe (Chrono Boost)  
  16  0:45  Assimilator  
  17  0:51  Probe  
  17  0:54  Assimilator  
  18  1:03  Probe (Chrono Boost)  
  19  1:06  Gateway  
  19  1:12  Probe (Chrono Boost)  
  19  1:17  Probe (Chrono Boost)  
  20  1:24  Cybernetics Core  
  21  1:29  Probe  
  22  1:34  Pylon  
  22  1:41  Probe  
  23  1:53  Probe  
  24  1:58  Warp Gate (Chrono Boost)  
  24  2:00  Adept x2  
  28  2:11  Pylon  
  28  2:30  Adept x2  
  32  2:42  Nexus  
  32  2:58  Robotics Facility  
  32  3:04  Adept x2  
  35  3:10  Pylon  
  35  3:14  Probe  
  34  3:35  Probe  
  35  3:42  Adept x2  
  35  3:47  Immortal (Chrono Boost)  
  44  3:57  Probe (Chrono Boost)  
  44  4:00  Probe (Chrono Boost)  
  43  4:05  Sentry x2  
  49  4:10  Probe (Chrono Boost)  
  49  4:11  Shield Battery, Probe (Chrono Boost)  
  49  4:26  Immortal (Chrono Boost)  
  49  4:28  Phoenix  
  49  4:30  Probe  
  54  4:31  Probe  
  55  4:39  Sentry  
  55  4:40  Stalker  
  55  4:44  Pylon  
  59  4:46  Probe  
  59  4:49  Probe  
  61  4:58  Probe  
  62  5:02  Warp Prism (Chrono Boost), Probe  
  65  5:12  Probe  
  64  5:14  Sentry  
  64  5:21  Gateway x2  
  66  5:27  Pylon, Sentry  
  66  5:32  Probe x2  
  68  5:37  Stalker  
  68  5:41  Pylon  
  70  5:45  Probe  
  71  5:51  Assimilator  
  71  5:56  Stalker x2  
  75  6:00  Probe x2  
  73  6:12  Probe  
  73  6:15  Probe  
  71  6:21  Stalker x4  
  79  6:25  Twilight Council  
  79  6:27  Pylon  
  79  6:39  Gateway  
  79  6:53  Immortal  
  77  7:00  Stalker x3  
  79  7:10  Stalker  
  79  7:12  Shield Battery  
  79  7:13  Shield Battery  
  79  7:14  Pylon  
  81  7:18  Gateway  
  81  7:25  Stalker x3  
  81  7:45  Stalker x2  
  79  7:52  Stalker x2  
  75  8:00  Zealot  
  65  8:12  Stalker x2  
  61  8:15  Stalker  
  61  8:19  Assimilator  
  63  8:20  Stalker  
  63  8:21  Zealot x2  
  63  8:24  Shield Battery  
  63  8:25  Shield Battery  
  69  8:28  Blink (Chrono Boost)  
  69  8:43  Adept x2, Probe  
  74  9:00  Dark Shrine  
  74  9:04  Nexus  
  72  9:21  Sentry  
  72  9:22  Stalker x3  
  78  9:35  Gateway, Pylon  
  78  9:49  Probe  
  78  9:50  Probe  
  80  9:56  Shield Battery  
  80  9:58  Shield Battery  
  78  10:11  Immortal  
  78  10:12  Dark Templar x2  
  86  10:15  Stalker x3  
  86  10:19  Stalker  
  92  10:37  Stalker  
  92  10:39  Stalker  
  92  10:40  Dark Templar  
  95  10:45  Dark Templar  
  97  10:51  Stalker x2  
  95  10:58  Stalker  
  95  11:01  Stalker  
  97  11:17  Dark Templar  
  94  11:20  Zealot  
  94  11:21  Zealot x3  
  96  11:52  Charge (Chrono Boost), Dark Templar x3  
  100  12:03  Probe x2  
  100  12:06  Zealot x2  
  100  12:07  Zealot  
  108  12:11  Archon, Pylon  
  108  12:12  Zealot  
  107  12:20  Pylon  
  106  12:25  Dark Templar  
  106  12:27  Robotics Bay  
  106  12:28  Archon  
  106  12:29  Pylon  
  108  12:35  Pylon  
  107  12:48  Pylon  
  105  12:57  Nexus  
  101  13:13  Dark Templar x2  
  101  13:17  Disruptor (Chrono Boost)  
  106  13:44  Zealot x5  
  110  13:50  Disruptor (Chrono Boost)  
  111  13:59  Dark Templar  
  113  14:16  Probe  
  114  14:24  Disruptor (Chrono Boost)  
  114  14:31  Shield Battery  
  117  14:41  Zealot x4  
  125  14:53  Disruptor  
  128  15:05  Stalker  
  96  15:34  Stalker x2  
  98  15:38  Zealot  
Show
View Real Time Build Order
Export as new Build Order

Rail Protoss 

Build Orders: Colossus Rush 

Get SALT Encoding   

  12  0:01  Probe  
  13  0:13  Probe  
  14  0:18  Pylon  
  14  0:25  Probe (Chrono Boost)  
  15  0:37  Gateway, Probe (Chrono Boost)  
  16  0:45  Probe (Chrono Boost)  
  16  0:46  Assimilator  
  17  0:51  Probe (Chrono Boost)  
  17  0:55  Assimilator  
  18  1:04  Probe (Chrono Boost)  
  19  1:07  Gateway  
  19  1:13  Probe (Chrono Boost)  
  19  1:18  Probe  
  20  1:24  Cybernetics Core  
  21  1:30  Probe  
  22  1:33  Pylon  
  22  1:42  Probe  
  23  1:54  Probe  
  23  2:00  Stalker  
  23  2:01  Warp Gate, Sentry  
  28  2:06  Probe  
  29  2:12  Pylon  
  29  2:16  Pylon  
  29  2:27  Stalker  
  31  2:34  Stalker  
  33  2:38  Robotics Facility  
  32  2:59  Nexus  
  32  3:04  Stalker  
  34  3:11  Stalker  
  36  3:23  Warp Prism (Chrono Boost)  
  38  3:33  Pylon  
  38  3:44  Gateway  
  38  3:53  Observer  
  39  3:58  Stalker  
  39  4:00  Stalker  
  43  4:05  Robotics Bay, Probe  
  44  4:17  Gateway  
  44  4:25  Probe  
  44  4:26  Probe  
  46  4:32  Immortal (Chrono Boost)  
  46  4:37  Probe  
  51  4:45  Shield Battery  
  51  4:47  Probe  
  51  4:51  Probe  
  53  5:02  Colossus (Chrono Boost)  
  53  5:06  Probe  
  60  5:10  Probe  
  60  5:18  Probe  
  61  5:22  Probe  
  61  5:26  Pylon  
  62  5:30  Gateway  
  62  5:33  Gateway  
  62  5:43  Gateway  
  62  5:44  Sentry  
  62  5:45  Probe, Sentry  
  62  5:46  Probe  
  68  5:57  Pylon, Probe  
  68  6:01  Pylon  
  67  6:11  Stalker  
  67  6:14  Probe  
  67  6:15  Probe  
  67  6:20  Sentry  
  69  6:25  Stalker  
  69  6:27  Probe x2 (Chrono Boost)  
  69  6:28  Sentry  
  75  6:34  Assimilator, Pylon  
  75  6:38  Zealot x2  
  75  6:39  Probe x2 (Chrono Boost)  
  79  6:49  Probe  
  79  6:50  Probe  
  81  6:58  Adept x3  
  89  7:08  Stalker x2  
  89  7:12  Pylon  
  91  7:18  Pylon  
  91  7:23  Stalker  
  91  7:25  Probe  
  94  7:32  Stalker x3  
  94  7:35  Pylon  
  96  7:40  Probe  
  93  7:50  Stalker, Zealot  
  91  7:57  Stalker, Zealot x2  
  85  8:05  Observer, Immortal (Chrono Boost)  
  79  8:11  Stalker  
  75  8:15  Assimilator  
  75  8:19  Twilight Council  
  75  8:30  Sentry  
  77  8:35  Gateway  
  77  8:39  Pylon, Immortal (Chrono Boost)  
  77  8:47  Blink (Chrono Boost)  
  81  8:50  Pylon  
  81  8:54  Pylon  
  81  8:59  Stalker  
  83  9:03  Stalker  
  83  9:04  Phoenix  
  85  9:10  Stalker  
  85  9:24  Stalker x3  
  85  9:25  Observer  
  85  9:26  Pylon  
  91  9:34  Sentry  
  91  9:38  Stalker  
  95  9:47  Stalker x2  
  95  9:49  Pylon  
  95  9:52  Stalker  
  101  9:55  Stalker  
  101  9:59  Stalker  
  105  10:06  Stalker  
  107  10:11  Stalker  
  107  10:13  Stalker  
  111  10:23  Observer  
  111  10:27  Stalker, Zealot x2  
  116  10:37  Stalker x2  
  116  10:40  Stalker  
  101  10:58  Probe  
  101  10:59  Probe  
  101  11:09  Sentry  
  103  11:16  Probe x2  
  105  11:23  Stalker  
  105  11:35  Zealot  
  107  11:53  Stalker  
  107  11:54  Probe x2  
  108  11:55  Disruptor  
  112  12:01  Stalker  
  114  12:12  Stalker  
  114  12:15  Probe  
  117  12:27  Stalker  
  119  12:31  Observer  
  119  12:35  Probe  
  119  12:36  Probe  
  122  12:42  Observer  
  121  12:53  Disruptor (Chrono Boost)  
  121  12:56  Stalker x3  
  130  13:00  Probe  
  131  13:09  Pylon  
  131  13:15  Stalker x2  
  135  13:20  Stalker  
  135  13:24  Observer (Chrono Boost)  
  138  13:40  Stalker  
  140  13:42  Zealot  
  140  13:53  Stalker x3  
  140  13:55  Disruptor (Chrono Boost)  
  149  14:04  Zealot  
  151  14:16  Stalker x2  
  155  14:29  Stalker  
  157  14:32  Pylon  
  157  14:40  Shield Battery  
  157  14:43  Observer  
  158  14:55  Stalker x2  
  162  15:00  Stalker  
  114  15:10  Disruptor  
  111  15:18  Stalker, Sentry  
  115  15:24  Sentry  
  115  15:25  Sentry  
Tags
 
Add a new tag
Caveats
  • Supply blocks, unpowered buildings, or Contaminate may cause inaccurate times.
  • Supply counts are checked every 10 seconds.